 Dungeon Crawl Stone Soup version 0.20-a0-277-g7db01f4 (webtiles) character file.

347761 Faca the Executioner (level 23, -7/282 HPs)
             Began as a Formicid Fighter on Dec 11, 2016.
             Was the Champion of Okawaru.
             Mangled by a spark wasp (14 damage)
             ... summoned by a boggart
             ... on level 1 of the Depths on Dec 13, 2016.
             The game lasted 04:43:47 (47638 turns).

Faca the Executioner (Formicid Fighter)            Turns: 47638, Time: 04:43:48

Health: -7/282     AC: 36    Str: 29      XL:     23   Next: 16%
Magic:  15/23      EV:  2    Int:  5 (8)  God:    Okawaru [******]
Gold:   2201       SH: 33    Dex: 17      Spells: 22/22 levels left

rFire  x . .     SeeInvis .     Q - +7 executioner's axe (flame)
rCold  + . .     Gourm    .     (armour currently unavailable)
rNeg   + + +     Faith    .     c - +0 large shield
rPois  +         Spirit   .     (helmet unavailable)
rElec  .         Reflect  +     (cloak currently unavailable)
rCorr  .         Harm     .     (gloves currently unavailable)
MR     ++...                    (boots currently unavailable)
Stlth  ++........               v - brooch of Shielding {Reflect SH+8}
                                k - +5 ring of protection
                                o - ring of Curiosity {Ice *Drain Slay+4}

@: mighty, tree-form
A: permanent stasis, dig shafts and tunnels, four strong arms, (antennae 0)
}: 2/15 runes: decaying, gossamer
a: Heroism, Finesse, Renounce Religion


You were on level 1 of the Depths.
You worshipped Okawaru.
Okawaru was exalted by your worship.
You were not hungry.
You were a tree.
You visited 8 branches of the dungeon, and saw 37 of its levels.
You visited 1 bazaar.
You also visited: Trove, Ice Cave and Desolation.

You collected 4427 gold pieces.
You spent 2226 gold pieces at shops.

Inventory:

Hand Weapons
 x - the +10 great mace of Kismet {antimagic, rC- Dex+10}
   (You bought it in a shop on level 4 of the Vaults)

   It reduces the magical energy of the wielder, and disrupts the spells and
   magical abilities of those hit.
   Natural abilities and divine invocations are not affected.
   It affects your dexterity (+10).
   It makes you vulnerable to cold.
 C - a +2 battleaxe of holy wrath
 Q - a +7 executioner's axe of flaming (weapon)
 U - the +8 halberd "Ewuar" {freeze, rElec rPois}
   (You found it on level 14 of the Dungeon)

   It has been specially enchanted to freeze those struck by it, causing extra
   injury to most foes and up to half again as much damage against particularly
   susceptible opponents.
   It can also slow down cold-blooded creatures.
   It insulates you from electricity.
   It protects you from poison.
Missiles
 A - 5 javelins of penetration (quivered)
Armour
 b - a +2 pair of gloves of dexterity (melded)
 c - a +0 large shield (worn)
 i - +0 fire dragon scales
 y - the +1 pair of boots of a treasure trove (melded) {rElec Regen+}
   (You acquired it on level 1 of the Depths)

   It insulates you from electricity.
   It increases your rate of regeneration.
 I - a +2 cloak of magic resistance (melded)
 M - the +9 ice dragon scales of Noon (melded) {rF- rC++ MR+ SInv}
   (You found it in an ice cave)

   It makes you vulnerable to fire.
   It greatly protects you from cold.
   It affects your resistance to hostile enchantments.
   It lets you see invisible.
Jewellery
 k - a +5 ring of protection (right branch)
 m - the ring "Idoohe" {rElec MR+ Dex+4}
   (You found it in a treasure trove)

   [ring of dexterity]

   It affects your dexterity (+4).
   It insulates you from electricity.
   It affects your resistance to hostile enchantments.
 o - a ring of Curiosity (left branch) {Ice *Drain Slay+4}
   (You found it on level 11 of the Dungeon)

   [ring of ice]

   It enhances your ice magic.
   It affects your accuracy and damage with ranged weapons and melee attacks
   (+4).
   It makes you vulnerable to fire.
   It protects you from cold.
   It causes draining when unequipped.
 v - the brooch of Shielding (around neck) {Reflect SH+8}
   (You bought it in a shop in a bazaar)

   [amulet of reflection]

   It shields you and reflects attacks.
   It affects your SH (+8).
 P - an uncursed ring of protection from fire
 Y - the ring of the Original Sin {rN+ Str+4}
   (You found it in a treasure trove)

   [ring of positive energy]

   It affects your strength (+4).
   It protects you from negative energy.
Wands
 r - a wand of flame (45/48)
 u - a wand of iceblast (4/15)
 G - a wand of lightning (8/15)
 K - a wand of heal wounds (7/9)
Scrolls
 s - 4 scrolls of enchant armour
 w - 9 scrolls of remove curse
 z - 4 scrolls of recharging
 H - 3 scrolls of summoning
 J - 6 scrolls of identify
Potions
 a - 8 potions of curing
 e - 5 potions of lignification
 g - 5 potions of cure mutation
 h - 7 potions of ambrosia
 l - 3 potions of brilliance
 p - 2 potions of might
 t - 2 potions of agility
 B - a potion of invisibility
 O - 2 potions of cancellation
Miscellaneous
 j - 2 boxes of beasts
 L - a phantom mirror
 R - a phial of floods
Comestibles
 d - 12 meat rations
 f - 21 bread rations
 D - 2 slices of pizza


   Skills:
 + Level 17.3 Fighting
 + Level 23.4(24.0) Axes
 + Level 10.4(18.4) Maces & Flails
 + Level 1.5(16.1) Polearms
 + Level 12.8 Armour
 + Level 7.9 Dodging
 + Level 20.6 Shields
 + Level 0.8 Invocations


You had 22 spell levels left.
You didn't know any spells.

Dungeon Overview and Level Annotations

Branches:
Dungeon (15/15)            Temple (1/1) D:5            Lair (6/6) D:9
  Swamp (4/4) Lair:3       Spider (4/4) Lair:3        Slime (0/5) Lair:6
    Orc (2/2) D:10            Elf (0/3) Orc:2        Vaults (4/5) D:13
  Crypt (0/3) Vaults:2     Depths (1/5) D:15

Altars:
Ashenzari
Cheibriados
Dithmenos
Elyvilon
Fedhas
Gozag
Hepliaklqana
Kikubaaqudgha
Makhleb
Nemelex Xobeh
Okawaru
Qazlal
Ru
Sif Muna
Trog
Uskayaw
Vehumet
Xom
Yredelemnul
Zin
The Shining One
Beogh
Jiyva

Shops:
D:8 =   D:10 }   D:15 ??(}   Orc:2 !*}(   Vaults:2 [   Vaults:4 :*(
Depths:1 *!

Portals:
Hell: Depths:1
Pandemonium: Orc:2


Innate Abilities, Weirdness & Mutations

You cannot be hasted, slowed, berserked, paralysed or teleported.
You can dig through walls and to a lower floor.
Your four strong arms can wield two-handed weapons with a shield.
((You have a pair of large antennae on your head. (SInv)))


Message History

The deep troll claws you but does no damage. x2
The deep troll bites you but does no damage.
The deep troll claws you but does no damage.
You block the deep troll's attack.
The spark wasp stings you but does no damage.
Throwing (i - inventory):
A - 6 javelins of penetration (quivered)
Press: ? - help, Shift-Dir - straight line, f/p - boggart
Aim: a boggart (heavily wounded)
You throw a javelin of penetration.
The javelin of penetration pierces through the deep troll.
The deep troll is almost dead.
The javelin of penetration pierces through the boggart!
You kill the boggart!
Okawaru accepts your kill.
The sky beast dissolves into shadows!
The glowing orange brain dissolves into shadows!
The deep troll earth mage dissolves into shadows!
The deep troll dissolves into shadows! x3; The ettin dissolves into shadows!
You block the spark wasp's attack. The spark wasp stings you!
You die...

#.....# #..
##(....##..♣
##..........♣
##...........
##...(.....♣♣♣
#...........♣♣
#.............♣♣♣♣.♣♣
##............yC..⌠..
##.........y♣♣♣♣
##........g♣♣
##.......♣♣
##........g♣
##........♣
##.##....♣ ## ##...y.
#..... ####..


You could see a frost giant, 2 spark wasps and a boggart.

Vanquished Creatures
  Sojobo (Depths:1)
  the Lernaean hydra (Swamp:4)
  Margery (Vaults:4)
  Bai Suzhen (Depths:1)
  Jorgrun (Vaults:2)
  Gastronok (D:12)
  A sphinx (Vaults:4)
  Kirke (D:12)
  A thorn hunter (Swamp:1)
  A tengu reaver (Depths:1)
  A storm dragon (Vaults:4)
  A fire giant (Vaults:3)
  An orc warlord (Orc:2)
  7 ghost moths
  3 frost giants (Vaults:4)
  8 emperor scorpions
  2 deep elf sorcerers (Vaults:1)
  9 vault wardens
  13 ironheart preservers
  A reaper (IceCv)
  10 stone giants
  2 very ugly things (Depths:1)
  4 entropy weavers
  The ghost of tbh1313 the Basher, a journeyman MiGl of Okawaru (D:13)
  3 deep elf annihilators
  The ghost of Uniporpoise the Basher, a journeyman MiFi of Qazlal (Lair:1)
  4 spark wasps
  2 deep elf death magi (Vaults:1)
  6 ettins
  4 fire dragons
  7 yaktaur captains
  3 great orbs of eyes
  Harold (Lair:3)
  Fannar (Lair:1)
  4 rakshasas
  10 vault guards
  A ghost crab (shapeshifter) (Vaults:2)
  22 hydras
  2 peacekeepers (Vaults:2)
  2 ghost crabs
  2 ice dragons (Depths:1)
  3 centaur warriors
  12 alligators
  3 death knights
  An anaconda (shapeshifter) (D:14)
  A death yak (D:15)
  3 deep troll shamans
  6 tengu warriors
  12 ogre magi
  4 deep troll earth magi
  5 orc high priests (Orc:2)
  A deep elf knight (Vaults:1)
  Nergalle (D:10)
  A shadow wraith (Vaults:4)
  12 skeletal warriors
  7 hell knights (Vaults:4)
  2 infernal demonspawn (Orc:2)
  A sixfirhy (Orc:2)
  15 deep trolls
  A torturous demonspawn (Orc:2)
  4 spriggan druids (Swamp:3)
  3 shambling mangroves
  A swamp dragon (shapeshifter) (Depths:1)
  11 swamp dragons
  A glowing orange brain (Depths:1)
  6 unseen horrors
  4 wizards
  18 ironbrand convokers
  2 deep elf archers
  2 phantasmal warriors
  Pikel (D:4)
  12 hill giants
  10 orb spiders
  33 ugly things
  21 orc knights
  3 oklob plants (Lair:1)
  8 orc sorcerers (Orc:2)
  9 deep elf magi
  33 wolf spiders
  A salamander (D:15)
  A wolf spider zombie (D:14)
  A mana viper (shapeshifter) (Vaults:1)
  5 cyclopes
  A manticore (D:13)
  10 black mambas
  Joseph (Lair:1)
  4 centaur zombies
  A guardian serpent (shapeshifter) (Vaults:3)
  Maurice (D:13)
  3 moths of wrath
  A rust devil (Orc:2)
  14 vault sentinels
  5 elephants (Lair:2)
  A torpor snail (Spider:3)
  22 spiny frogs
  A guardian serpent (Lair:6)
  An eye of devastation (shapeshifter) (Vaults:3)
  A rime drake (shapeshifter) (Vaults:1)
  39 yaktaurs
  3 ice statues
  5 freezing wraiths
  An efreet (D:13)
  7 komodo dragons
  2 kobold demonologists
  A rime drake (Lair:4)
  6 centaur skeletons
  13 ice devils
  13 demonic crawlers
  8 trolls
  27 jumping spiders
  3 tyrant leeches
  2 polar bears
  A troll (shapeshifter) (Vaults:1)
  A harpy zombie (D:14)
  2 wolf spider simulacra
  A wind drake (shapeshifter) (Vaults:1)
  3 meliai (Spider:3)
  24 two-headed ogres
  A raiju (shapeshifter) (Depths:1)
  A harpy skeleton (D:15)
  13 bog bodies
  35 hornets
  9 blink frogs (Lair:1)
  A meliai zombie (D:15)
  19 slime creatures
  9 hippogriffs
  2 dream sheep (D:9)
  A vampire (D:14)
  65 redbacks
  A spriggan (shapeshifter) (Depths:1)
  3 shadows
  10 spriggans
  26 tarantellas
  12 wyverns
  A ynoxinul (Orc:2)
  7 hogs (D:12)
  4 basilisks
  2 water elementals
  3 wraiths
  A hog (shapeshifter) (D:13)
  37 yaks
  A human (shapeshifter) (Vaults:1)
  A chaos spawn (Orc:2)
  2 hungry ghosts
  A yaktaur simulacrum (Vaults:2)
  Grum (D:11)
  15 vampire mosquitoes
  A harpy simulacrum (D:15)
  A soldier ant (shapeshifter) (D:15)
  2 wargs
  22 swamp worms
  18 water moccasins
  2 acid dragons
  A swamp worm (shapeshifter) (D:15)
  8 porcupines
  4 phantoms
  2 slaves (D:4)
  2 black bears
  13 swamp drakes
  5 ice beasts
  A necrophage (D:8)
  An eye of draining (D:9)
  47 orc warriors
  6 sky beasts
  An ettin simulacrum (Vaults:2)
  An ogre (shapeshifter) (Vaults:1)
  9 boggarts (Depths:1)
  53 ogres
  28 centaurs
  3 wolves (D:11)
  9 crocodiles
  6 big kobolds
  22 bullfrogs
  4 gnoll sergeants
  9 scorpions
  A hornet simulacrum (D:15)
  A wyvern skeleton (D:11)
  A human simulacrum (Vaults:2)
  An orc simulacrum (Vaults:1)
  4 killer bees (D:12)
  12 wights
  2 electric eels
  3 howler monkeys
  8 crimson imps
  10 jellies
  3 quasits
  2 bullfrog zombies
  7 hounds
  Crazy Yiuf (D:5)
  33 orc priests
  3 bullfrog skeletons
  13 worker ants
  3 iguanas
  26 orc wizards
  4 hell rats (Lair:4)
  A hound skeleton (D:4)
  11 adders
  12 gnolls
  A howler monkey skeleton (D:5)
  3 shadow imps
  8 white imps
  17 ufetubi
  2 oozes
  An adder skeleton (D:9)
  3 worms
  A dart slug (D:3)
  9 leopard geckos
  91 orcs
  7 bats
  7 giant cockroaches
  12 goblins
  13 hobgoblins
  20 jackals
  5 kobolds
  4 quokkas
  A ball python (D:4)
  4 frilled lizards
  A jackal skeleton (D:8)
  A quokka skeleton (D:5)
  9 rats
  6 briar patches (Swamp:1)
  4 bushes (Lair:6)
  8 fungi
  12 plants
1635 creatures vanquished.

Vanquished Creatures (others)
  Nikola (Swamp:2)
  A merfolk javelineer (Depths:1)
  3 yaktaur captains
  4 centaur warriors
  A manticore (D:12)
  3 cyclopes
  A spiny frog (Swamp:3)
  8 yaktaurs
  A slime creature (Depths:1)
  3 two-headed ogres (Vaults:4)
  2 bog bodies (Swamp:4)
  5 yaks (D:9)
  An orc warrior (Orc:2)
  A swamp drake (Swamp:4)
  An ogre (Vaults:4)
  3 centaurs
  A centaur skeleton (D:13)
  4 white imps (IceCv)
  2 ufetubi (IceCv)
  A briar patch (Swamp:1)
  11 fungi
  5 plants
63 creatures vanquished.

Grand Total: 1698 creatures vanquished

Notes
Turn   | Place    | Note
-------+----------+-------------------------------------------
     0 | D:1      | Faca the Formicid Fighter began the quest for the Orb.
     0 | D:1      | Reached XP level 1. HP: 18/18 MP: 1/1
   113 | D:1      | Reached XP level 2. HP: 20/24 MP: 2/2
   295 | D:1      | Reached XP level 3. HP: 27/29 MP: 3/3
   838 | D:2      | Reached XP level 4. HP: 35/35 MP: 4/4
  1912 | D:3      | Found an ancient bone altar of Kikubaaqudgha.
  1919 | D:3      | Reached XP level 5. HP: 38/41 MP: 5/5
  1995 | D:3      | Found a shadowy altar of Dithmenos.
  1998 | D:3      | Found a basalt altar of Yredelemnul.
  2001 | D:3      | Found a hide-covered altar of Uskayaw.
  2396 | D:4      | Noticed a bullfrog
  2404 | D:4      | Killed a bullfrog
  2404 | D:4      | Reached skill level 3 in Axes
  2404 | D:4      | Reached skill level 5 in Shields
  2608 | D:4      | Reached XP level 6. HP: 46/48 MP: 6/6
  3121 | D:4      | Reached skill level 4 in Axes
  3294 | D:4      | Noticed a slave
  3295 | D:4      | Noticed Pikel
  3304 | D:4      | Noticed a slave
  3304 | D:4      | Noticed a slave
  3306 | D:4      | Noticed a slave
  3308 | D:4      | Reached skill level 5 in Armour
  3310 | D:4      | Reached XP level 7. HP: 18/53 MP: 7/7
  3316 | D:4      | Killed Pikel
  3316 | D:4      | Reached skill level 5 in Axes
  3316 | D:4      | Reached XP level 8. HP: 19/61 MP: 8/8
  3575 | D:4      | Reached skill level 1 in Dodging
  3639 | D:4      | Reached skill level 6 in Axes
  3722 | D:5      | Entered Level 5 of the Dungeon
  4038 | D:5      | Found a sparkling altar of Nemelex Xobeh.
  4053 | D:5      | Reached skill level 1 in Maces & Flails
  4152 | D:5      | Found a staircase to the Ecumenical Temple.
  4161 | Temple   | Entered the Ecumenical Temple
  4689 | D:5      | Found a runed door.
  4693 | D:5      | Noticed Crazy Yiuf
  4703 | D:5      | Killed Crazy Yiuf
  5023 | D:6      | Reached XP level 9. HP: 67/67 MP: 9/9
  5322 | D:6      | Reached skill level 5 in Fighting
  5676 | D:6      | Reached skill level 5 in Maces & Flails
  6701 | D:7      | Found an iron altar of Okawaru.
  6704 | D:7      | Became a worshipper of Warmaster Okawaru
  6845 | D:7      | Reached XP level 10. HP: 66/76 MP: 10/10
  7343 | D:8      | Found a shattered altar of Ashenzari.
  7422 | D:8      | Reached * piety under Okawaru
  7512 | D:8      | Found Hesobb's Jewellery Shoppe.
  7519 | D:8      | Bought a +6 amulet of reflection for 325 gold pieces
  7733 | D:8      | Found a viscous altar of Jiyva.
  7977 | D:8      | Found a bloodstained altar of Trog.
  8068 | D:9      | Reached ** piety under Okawaru
  8114 | D:9      | Noticed a three-headed hydra
  8127 | D:9      | Killed a three-headed hydra
  8127 | D:9      | Reached *** piety under Okawaru
  8300 | D:9      | Reached XP level 11. HP: 83/83 MP: 11/11
  8334 | D:9      | Reached skill level 10 in Shields
  8442 | D:9      | Found a staircase to the Lair.
  8720 | D:10     | Entered Level 10 of the Dungeon
  8729 | D:10     | Noticed Nergalle
  8748 | D:10     | Killed Nergalle
  8748 | D:10     | Reached **** piety under Okawaru
  8891 | D:10     | Noticed a hill giant
  8898 | D:10     | Killed a hill giant
  8960 | D:10     | Found Tyup's Gadget Emporium.
  9141 | D:10     | Got a bloodstained chain mail
  9152 | D:10     | Identified the cursed +0 chain mail of the Sturgeon {MR+ Int+3} (You found it on level 10 of the Dungeon)
  9712 | D:10     | Reached ***** piety under Okawaru
 10229 | D:11     | Noticed a death knight
 10236 | D:11     | Noticed a cyclops
 10257 | D:11     | Killed a death knight
 10257 | D:11     | Received a gift from Okawaru
 10269 | D:11     | Killed a cyclops
 10424 | D:11     | Got a smoking granite ring
 10426 | D:11     | Identified a ring of Curiosity {Ice *Drain Slay+4} (You found it on level 11 of the Dungeon)
 10486 | D:11     | Noticed Grum
 10498 | D:11     | Killed Grum
 10498 | D:11     | Reached XP level 12. HP: 79/92 MP: 12/12
 10565 | D:11     | Identified a scroll of acquirement
 10888 | D:11     | Reached skill level 7 in Axes
 11165 | D:12     | Received a gift from Okawaru
 11202 | D:12     | Reached skill level 8 in Axes
 11255 | D:12     | Noticed Kirke
 11276 | D:12     | Noticed Gastronok
 11344 | D:12     | Killed Kirke
 11344 | D:12     | Reached ****** piety under Okawaru
 11344 | D:12     | Reached skill level 9 in Axes
 11581 | D:12     | Killed Gastronok
 11581 | D:12     | Received a gift from Okawaru
 11581 | D:12     | Reached XP level 13. HP: 80/100 MP: 13/13
 11680 | D:12     | Reached skill level 10 in Axes
 11917 | D:12     | Found a portal to a secret trove of treasure.
 11930 | D:12     | Reached skill level 10 in Armour
 12510 | Lair:1   | Entered Level 1 of the Lair of Beasts
 12510 | Lair:1   | Noticed Fannar
 12528 | Lair:1   | Killed Fannar
 12635 | Lair:1   | Noticed Uniporpoise's ghost (journeyman MiFi)
 12660 | Lair:1   | Killed Uniporpoise's ghost
 12660 | Lair:1   | Reached skill level 11 in Axes
 12967 | Lair:1   | Received a gift from Okawaru
 13140 | Lair:1   | HP: 4/101 [acid (14)]
 13754 | Lair:1   | Noticed Joseph
 13773 | Lair:1   | Killed Joseph
 14082 | Lair:2   | Noticed a seven-headed hydra
 14099 | Lair:2   | Killed a seven-headed hydra
 14560 | Lair:2   | Reached skill level 12 in Axes
 14573 | Lair:2   | Reached XP level 14. HP: 103/109 MP: 14/14
 14938 | Lair:2   | Upgraded the game from 0.20-a0-270-g8e735b6 to 0.20-a0-277-g7db01f4
 14944 | Lair:3   | Reached skill level 10 in Fighting
 14963 | Lair:3   | Noticed Harold
 14982 | Lair:3   | Killed Harold
 15119 | Lair:3   | Found a frozen archway.
 15136 | IceCv    | Entered an ice cave
 15600 | IceCv    | Noticed a reaper
 15612 | IceCv    | Killed a reaper
 15769 | IceCv    | Got ancient ice dragon scales
 15785 | IceCv    | Identified the +9 ice dragon scales of Noon {rF- rC++ MR+ SInv} (You found it in an ice cave)
 15943 | Lair:3   | Found a hole to the Spider Nest.
 15978 | Lair:3   | Found a staircase to the Swamp.
 16346 | Lair:4   | Reached skill level 13 in Axes
 16380 | Lair:4   | Received a gift from Okawaru
 16836 | Lair:4   | Received a gift from Okawaru
 18091 | Lair:6   | Entered Level 6 of the Lair of Beasts
 18096 | Lair:6   | Found a staircase to the Slime Pits.
 18569 | Lair:6   | Reached skill level 14 in Axes
 18569 | Lair:6   | Reached XP level 15. HP: 97/117 MP: 15/15
 18570 | Lair:6   | Received a gift from Okawaru
 20488 | D:10     | Found a staircase to the Orcish Mines.
 20558 | Orc:1    | Entered Level 1 of the Orcish Mines
 20660 | Orc:2    | Entered Level 2 of the Orcish Mines
 20675 | Orc:2    | Found a staircase to the Elven Halls.
 20771 | Orc:2    | Found a roughly hewn altar of Beogh.
 20839 | Orc:2    | Reached skill level 15 in Shields
 20953 | Orc:2    | Noticed a stone giant
 20961 | Orc:2    | Killed a stone giant
 20961 | Orc:2    | Received a gift from Okawaru
 21379 | Orc:2    | Reached skill level 15 in Axes
 21405 | Orc:2    | Found Ulez's Distillery.
 21406 | Orc:2    | Found Utomazah's General Store.
 22253 | Orc:2    | Received a gift from Okawaru
 22254 | Orc:2    | Got an encrusted dire flail {god gift}
 22449 | Orc:2    | Reached XP level 16. HP: 95/127 MP: 16/16
 22560 | Orc:2    | Found Akulepaf's Antique Weapon Shoppe.
 22560 | Orc:2    | Found Onetzid's Gadget Emporium.
 22567 | Orc:2    | Found a one-way gate leading to the halls of Pandemonium.
 23131 | D:11     | Received a gift from Okawaru
 23420 | D:13     | Reached skill level 16 in Axes
 23479 | D:13     | Noticed Maurice
 23488 | D:13     | Killed Maurice
 23642 | D:13     | Noticed tbh1313's ghost (journeyman MiGl)
 23658 | D:13     | HP: 5/127 [tbh1313's ghost (4)]
 23661 | D:13     | Killed tbh1313's ghost
 24108 | D:13     | Found a gate to the Vaults.
 24530 | D:14     | Received a gift from Okawaru
 25458 | D:14     | Got a translucent halberd
 25463 | D:14     | Identified the +8 halberd "Ewuar" {freeze, rElec rPois} (You found it on level 14 of the Dungeon)
 25968 | Swamp:1  | Entered Level 1 of the Swamp
 26050 | Swamp:1  | Reached skill level 1 in Polearms
 26274 | Swamp:1  | Reached XP level 17. HP: 123/135 MP: 17/17
 26299 | Swamp:1  | Reached skill level 17 in Axes
 26529 | Swamp:1  | Noticed a thorn hunter
 26542 | Swamp:1  | Killed a thorn hunter
 27112 | Swamp:2  | Noticed Nikola
 27290 | Swamp:2  | Killed Nikola
 27290 | Swamp:2  | Reached skill level 10 in Maces & Flails
 27302 | Swamp:2  | Reached skill level 5 in Dodging
 27511 | Swamp:2  | Received a gift from Okawaru
 29295 | Swamp:4  | Entered Level 4 of the Swamp
 29439 | Swamp:4  | HP: 10/205 [poisoned by a swamp dragon (poison gas)]
 29443 | Swamp:4  | HP: 2/205 [bog body/bolt of cold (4)]
 29734 | Swamp:3  | Reached skill level 18 in Axes
 30058 | Swamp:4  | Received a gift from Okawaru
 30059 | Swamp:4  | Got a pair of translucent gloves {god gift}
 30123 | Swamp:4  | Identified the +0 pair of gloves of Ileph {rCorr Str-5 Int+2} (Okawaru gifted it to you on level 4 of the Swamp)
 30225 | Swamp:4  | Reached XP level 18. HP: 144/144 MP: 18/18
 30744 | Swamp:4  | Noticed the 27-headed Lernaean hydra
 31508 | Swamp:4  | Killed the 27-headed Lernaean hydra
 31720 | Swamp:4  | Got a decaying rune of Zot
 32261 | Spider:1 | Entered Level 1 of the Spider Nest
 32885 | Spider:1 | You fall through a shaft!
 33171 | Spider:1 | Received a gift from Okawaru
 34486 | Spider:2 | Reached skill level 19 in Axes
 35011 | Spider:3 | Reached XP level 19. HP: 113/152 MP: 19/19
 35789 | Spider:3 | Received a gift from Okawaru
 35790 | Spider:3 | Got a slimy shield {god gift}
 35801 | Spider:3 | Identified the -6 shield of Erphemuboi {*Slow rPois rC+ rN+++} (Okawaru gifted it to you on level 3 of the Spider Nest)
 36045 | Spider:4 | Entered Level 4 of the Spider Nest
 37550 | Spider:4 | Received a gift from Okawaru
 37900 | Spider:4 | Got a gossamer rune of Zot
 38434 | Lair:1   | Identified the Papyrus of Confrontation
 38754 | D:12     | You paid a toll of 18 scrolls of identify to enter a treasure trove
 38755 | Trove    | Entered a treasure trove
 38760 | Trove    | Got a sparkling bone ring
 38768 | Trove    | Got a steaming jade ring
 38782 | Trove    | Identified the ring "Idoohe" {rElec MR+ Dex+4} (You found it in a treasure trove)
 38795 | Trove    | Got a clouded glass ring
 38800 | Trove    | Identified the ring "Vannat" {*Corrode rPois rN+ MP+9 SInv} (You found it in a treasure trove)
 38803 | Trove    | Identified the ring "Mabym" {Wiz MR- Str+7} (You found it in a treasure trove)
 38814 | Trove    | Got a bound jade ring
 38819 | Trove    | Got a crude jade ring
 38825 | Trove    | Identified the ring of Zumpieso {rN+ Int+3} (You found it in a treasure trove)
 38840 | Trove    | Identified the ring of the Original Sin {rN+ Str+4} (You found it in a treasure trove)
 38969 | Vaults:1 | Entered Level 1 of the Vaults
 39219 | Vaults:1 | Reached skill level 15 in Fighting
 39250 | Vaults:1 | Reached skill level 20 in Axes
 39250 | Vaults:1 | Reached XP level 20. HP: 118/162 MP: 20/20
 40191 | Vaults:1 | Received a gift from Okawaru
 40839 | Vaults:2 | Found a ruined gateway.
 40854 | Desolati | Entered the Desolation of Salt
 40939 | Vaults:2 | Found Ukovixt's Antique Armour Shoppe.
 41475 | Vaults:2 | Reached skill level 21 in Axes
 41496 | Vaults:2 | Received a gift from Okawaru
 41497 | Vaults:2 | Got a smoking war axe {god gift}
 41519 | Vaults:2 | Identified the +6 war axe of Ash {freeze, rC++} (Okawaru gifted it to you on level 2 of the Vaults)
 41564 | Vaults:2 | Found a staircase to the Crypt.
 41564 | Vaults:2 | Found a basalt altar of Yredelemnul.
 41566 | Vaults:2 | Found an ancient bone altar of Kikubaaqudgha.
 41759 | Vaults:2 | Reached XP level 21. HP: 149/170 MP: 21/21
 41980 | Vaults:2 | Noticed Jorgrun
 41985 | Vaults:2 | Killed Jorgrun
 42227 | Vaults:2 | Received a gift from Okawaru
 42544 | Vaults:3 | Received a gift from Okawaru
 42545 | Vaults:3 | Got a crude chain mail {god gift}
 42556 | Vaults:3 | Identified the +0 chain mail of the Wheelwright {rPois Dex+4} (Okawaru gifted it to you on level 3 of the Vaults)
 43549 | Vaults:4 | Found a flickering gateway to a bazaar.
 43574 | Bazaar   | Entered a bazaar
 43635 | Bazaar   | Found Ekhlinorph's Jewellery Shop.
 43652 | Bazaar   | Found Diowennyeca's Jewellery Boutique.
 43652 | Bazaar   | Found Kahuv's Book Boutique.
 43660 | Bazaar   | Bought a cursed -3 ring of dexterity for 14 gold pieces
 43660 | Bazaar   | Bought the brooch of Shielding {Reflect SH+8} for 224 gold pieces
 43672 | Bazaar   | Found Lucoluet's Food Boutique.
 43798 | Bazaar   | Bought a meat ration for 50 gold pieces
 43798 | Bazaar   | Bought a bread ration for 50 gold pieces
 43798 | Bazaar   | Bought a meat ration for 50 gold pieces
 43798 | Bazaar   | Bought a meat ration for 50 gold pieces
 43798 | Bazaar   | Bought a meat ration for 50 gold pieces
 43798 | Bazaar   | Bought a meat ration for 50 gold pieces
 43798 | Bazaar   | Bought a bread ration for 50 gold pieces
 43798 | Bazaar   | Bought a bread ration for 50 gold pieces
 43798 | Bazaar   | Bought a bread ration for 50 gold pieces
 43874 | Vaults:4 | Noticed Margery
 43894 | Vaults:4 | Killed Margery
 43894 | Vaults:4 | Reached skill level 22 in Axes
 44520 | Vaults:4 | Received a gift from Okawaru
 44524 | Vaults:4 | Reached XP level 22. HP: 156/179 MP: 22/22
 44860 | Vaults:4 | Got faintly humming storm dragon scales {god gift}
 44873 | Vaults:4 | Identified the +0 storm dragon scales "Hero's Friend" {+Blink rElec Int-4 Dex+7} (Okawaru gifted it to you on level 4 of the Vaults)
 45532 | Vaults:4 | Found Buedinai's General Store.
 45532 | Vaults:4 | Found Eteczenyots's Antique Weapon Emporium.
 45533 | Vaults:4 | Found Lyvoywan's Book Emporium.
 45542 | Vaults:4 | Bought a crystal great mace for 276 gold pieces
 45550 | Vaults:4 | Bought 2 potions of curing for 132 gold pieces
 45585 | Vaults:4 | Identified the +10 great mace of Kismet {antimagic, rC- Dex+10} (You bought it in a shop on level 4 of the Vaults)
 45910 | D:15     | Entered Level 15 of the Dungeon
 45918 | D:15     | Found Tanuat's Antique Weapon Shoppe.
 46054 | D:15     | Found a staircase to the Depths.
 46090 | D:15     | Found Lehimine's Gadget Emporium.
 46266 | D:15     | Found Piadu's Magic Scroll Shop.
 46273 | D:15     | Bought a scroll of enchant armour for 75 gold pieces
 46425 | D:15     | Found Jyng's Magic Scroll Boutique.
 46429 | D:15     | Bought a scroll of enchant weapon for 120 gold pieces
 46671 | Depths:1 | Entered Level 1 of the Depths
 46726 | Depths:1 | Reached skill level 23 in Axes
 46738 | Depths:1 | Found Ysoon's Distillery.
 46743 | Depths:1 | Bought a potion of lignification for 54 gold pieces
 46743 | Depths:1 | Bought 2 potions of heal wounds for 180 gold pieces
 46743 | Depths:1 | Bought a potion of lignification for 54 gold pieces
 46743 | Depths:1 | Found Lutorr's Assorted Antiques.
 46748 | Depths:1 | Found a gateway to Hell.
 46757 | Depths:1 | Bought a scroll of enchant weapon for 322 gold pieces
 46815 | Depths:1 | Received a gift from Okawaru
 47286 | Depths:1 | Got a pair of faintly humming boots
 47297 | Depths:1 | Identified the +1 pair of boots of a treasure trove {rElec Regen+} (You acquired it on level 1 of the Depths)
 47470 | Depths:1 | Noticed Bai Suzhen
 47514 | Depths:1 | Killed Bai Suzhen
 47532 | Depths:1 | Reached XP level 23. HP: 182/188 MP: 23/23
 47613 | Depths:1 | Noticed Sojobo
 47626 | Depths:1 | Killed Sojobo
 47636 | Depths:1 | HP: 5/282 [deep troll[a boggart] (11)]
 47638 | Depths:1 | Mangled by a spark wasp

Vault maps used:
D:1:      minmay_arrival_jagged, minmay_tetromino_t2
D:2:      first_bread
D:3:      kiku_gazebo_garden_becter, grunt_temple_overflow_diamond,
          serial_glass, glass_columns_c, glass_columns_a,
          kennysheep_cross_bottleneck
D:4:      uniq_pikel
D:5:      basic_altar, hangedman_abyss_or_decor_stabs, interstate_on_off,
          uniq_crazy_yiuf_cottage
D:7:      kennysheep_mini_moat, minivault_24, kennysheep_donut
D:8:      minitemple, serial_shops, nicolae_shop_trees, jiyva_altar_1
D:9:      lemuel_flame_loot_2, lair_entry_dummy, hangedman_ranch
D:10:     cheibrodos_frozen_isle, kennysheep_orc_monster_closet_entryway,
          serial_shops, nicolae_shop_trees, uniq_nergalle
D:11:     minmay_blocky_corners, uniq_grum
D:12:     nicolae_trove_entry_crossroad, uniq_kirke, uniq_gastronok
D:13:     david_vaults_2, uniq_maurice
D:15:     hangedman_depths_entry_try_elsewhere_first,
          hangedman_abyss_or_decor_lesser_grid, serial_shops,
          nicolae_shop_behind_doors, nicolae_shop_waterfront, shop,
          nicolae_shop_statue_plus, serial_ice, serial_ice_l, serial_ice_h,
          serial_ice_f, serial_ice_a, water_maze_lemuel
Temple:   dpeg_chambers_temple
Lair:1:   lemuel_fruit_fields, grunt_megastairs_5, infiniplex_staircase_pool,
          serial_bayou_shore_a, minmay_lair_oklob_chamber, uniq_fannar,
          uniq_joseph
Lair:3:   minmay_swamp_entry_worms, spider_nest_entry_rubble,
          portal_ice_cave_entry_pillars_2, infiniplex_staircase_pool_2,
          grunt_megastairs_4, uniq_harold
Lair:4:   st_stairs_13, grunt_forest_small_clearings
Lair:6:   hangedman_lair_tendril_chambers, slime_dummy, serial_bayou_pond_d
Swamp:1:  evilmike_swamp_ruin_house_3
Swamp:2:  evilmike_swamp_ruin_house_4, swamp_pool3, uniq_nikola
Swamp:3:  hangedman_swamp_ruin_wall
Swamp:4:  grunt_swamp_rune_castle
Spider:1: spiders_nest_scorpion_pit
Spider:2: einodemon_crawler_minivault
Spider:4: spider_rune_water
Orc:2:    pf_orc_diabolical, basic_altar, guppyfry_library_mini
Vaults:1: vaults_mumra_chevron_long, v_pattern_3,
          nicolae_vaults_twisting_passages, v_rooms_4,
          nicolae_vaults_hallways_thing, nicolae_vaults_mini_display_case,
          nicolae_vaults_specimen_jars, v_alt_pattern_2, grunt_vaults_twisty,
          vaults_room_semicircle, ontoclasm_vaults_decontamination,
          hangedman_vaults_impose, grunt_vaults_hallway_short,
          ontoclasm_vaults_pinch, serial_ice_g
Vaults:2: ontoclasm_vaults_hangar, minmay_crypt_entry_necro_gods, v_misc_16,
          v_rooms_2, v_misc_10, nicolae_vaults_holding_cells,
          vaults_room_ringed_pool, vaults_dpeg_ring, vaults_mumra_hex,
          nicolae_vaults_shelves_hall, v_misc_32, hangedman_vaults_hat,
          ontoclasm_vaults_shuriken, dpeg_vaults_monster_box,
          portal_desolation_entry_twin_temple, serial_shops, nicolae_shop_stone,
          uniq_jorgrun
Vaults:3: nicolae_vaults_theta, nicolae_vaults_network_periphery,
          ontoclasm_vaults_loading_screen, grunt_vaults_focal,
          vaults_room_fancy_cross, ontoclasm_vaults_hangar
Vaults:4: hangedman_vaults_hard_town_square, vaults_room_fours, v_misc_33,
          hangedman_vaults_slither, vaults_mumra_hexcomb, vaults_room_door_hall,
          hangedman_vaults_snaps, nicolae_vaults_bisected_slash, v_misc_15,
          vaults_dpeg_hooks, serial_shops, freezing_bzr, uniq_margery
Depths:1: enter_ziggurat_b, hell_entry, minivault_14, kb_rosetta,
          minmay_shoptagon, uniq_bai_suzhen, uniq_sojobo
Bazaar:   bazaar_jpeg_ribbon
Trove:    trove_jewel_2
IceCv:    ice_cave_small_demon

Skill      XL: |  1  2  3  4  5  6  7  8  9 10 11 12 13 14 15 16 17 18 19 20 21 22 |
---------------+-------------------------------------------------------------------+-----
Shields        | 4 5 6 8 9 11 12 13 14 15 16 17 18 19 20 | 20.6
Armour         | 4 5 6 7 8 9 10 11 12 | 12.8
Axes           | 3 4 5 6 9 12 14 15 16 18 19 20 21 22 23 | 23.4
Fighting       | 4 5 6 8 9 10 11 12 13 14 15 16 17 | 17.3
Dodging        | 1 2 3 4 5 6 7 |  7.9
Maces & Flails | 3 5 8 9 10 | 10.4
Polearms       | 1 |  1.5
Invocations    | |  0.8

Action                   |  1- 3 |  4- 6 |  7- 9 | 10-12 | 13-15 | 16-18 | 19-21 | 22-24 || total
-------------------------+-------+-------+-------+-------+-------+-------+-------+-------++-------
Melee: War axe           |   137 |   155 |    10 |       |       |       |       |       ||   302
       Whip              |       |       |   345 |   470 |    32 |       |       |       ||   847
       Battleaxe         |       |       |       |   176 |   456 |       |       |       ||   632
       Executioner's axe |       |       |       |       |   572 |   996 |  1011 |   428 ||  3007
       Demon whip        |       |       |       |       |     9 |       |       |       ||     9
       Morningstar       |       |       |       |       |       |   122 |       |       ||   122
       Halberd           |       |       |       |       |       |    23 |       |       ||    23
Throw: Javelin           |       |       |       |       |       |    21 |     6 |     3 ||    30
Invok: Heroism           |       |       |       |     1 |       |       |       |       ||     1
 Abil: Dig               |       |       |       |     1 |     2 |     1 |    10 |       ||    14
Evoke: Wand              |       |       |       |       |     1 |       |       |       ||     1
  Use: Scroll            |     1 |     6 |     7 |     8 |    10 |     3 |     6 |     5 ||    46
       Potion            |       |     5 |     1 |     3 |     3 |    15 |     6 |     7 ||    40
 Stab: Confused          |       |       |       |       |       |     3 |       |       ||     3
       Invisible         |       |       |       |       |       |     2 |       |       ||     2
  Eat: Fruit             |       |     7 |       |     7 |    25 |     3 |     3 |       ||    45
       Chunk             |       |     2 |       |     2 |     1 |       |       |       ||     5
       Meat ration       |       |       |     2 |       |     2 |     7 |       |       ||    11
       Beef jerky        |       |       |     1 |     1 |     3 |     4 |     1 |       ||    10
       Bread ration      |       |       |     1 |       |       |       |     4 |     2 ||     7
       Royal jelly       |       |       |       |     1 |     1 |       |       |       ||     2
       Pizza             |       |       |       |       |       |     1 |     6 |       ||     7
Armor: Scale mail        |    46 |       |       |       |       |       |       |       ||    46
       Plate armour      |    41 |    93 |   152 |   145 |   128 |   179 |   170 |       ||   908
       Skin              |       |     4 |       |    14 |    16 |    95 |    50 |    20 ||   199
       Ice dragon scales |       |       |       |       |   213 |   407 |   123 |    99 ||   842
Dodge: Dodged            |    39 |    34 |    79 |    73 |   226 |   401 |   246 |   122 ||  1220
Block: Shield            |   100 |   109 |   163 |   370 |  1016 |  1256 |   932 |       ||  3946
       Reflection        |       |       |       |    16 |    27 |    22 |    81 |    56 ||   202
       Large shield      |       |       |       |       |       |       |    71 |   585 ||   656
